 Dungeon Crawl Stone Soup version 0.16.2-3-ga078185 (webtiles) character file.

3154 gorblad the Protected (level 9, 0/79 HPs)
             Began as a Minotaur Fighter on Sept 7, 2015.
             Was a Priest of Nemelex Xobeh.
             Succumbed to their own dark miasma
             ... on level 8 of the Dungeon.
             The game lasted 00:45:35 (8943 turns).

gorblad the Protected (Minotaur Fighter)            Turns: 8943, Time: 00:45:35

Health: 0/79       AC: 11    Str: 24    XL:     9   Next: 62%
Magic:  5/5        EV: 11    Int:  5    God:    Nemelex Xobeh [***...]
Gold:   391        SH: 11    Dex: 10    Spells: 0 memorised, 8 levels left

rFire  . . .     SeeInvis .     a - +0 long sword (flame)
rCold  . . .     Clarity  +     b - +0 scale mail
rNeg   . . .     SustAb   .     c - +0 shield
rPois  .         Gourm    .     (helmet restricted)
rElec  .         Spirit   .     (no cloak)
rCorr  .         Warding  .     j - +0 pair of gloves
rMut   .         Stasis   .     w - +0 pair of boots
MR     .....                    x - amulet of clarity
Stlth  ..........               (no ring)
                                (no ring)

@: lethally poisoned (0 -> -9), about to teleport, rotting, not resistant to
hostile enchantments, extremely unstealthy
A: retaliatory headbutt, horns 2
a: Triple Draw, Renounce Religion


You were on level 8 of the Dungeon.
You worshipped Nemelex Xobeh.
Nemelex Xobeh was most pleased with you.
You were hungry.

You visited 2 branches of the dungeon, and saw 9 of its levels.

You collected 391 gold pieces.

Inventory:

Hand weapons
 a - a +0 long sword of flaming (weapon)
 f - a +0 club
 l - a +0 falchion
 G - a +0 shortbow
Missiles
 m - 15 poisoned bolts
 n - 44 arrows
 y - 12 bolts of flame
 F - 7 javelins of penetration (quivered)
Armour
 b - a +0 scale mail (worn)
 c - a +0 shield (worn)
 i - a +0 robe
 j - a +0 pair of gloves (worn)
 q - a +0 scale mail
 t - a +0 chain mail
 w - a +0 pair of boots (worn)
 H - a cursed +0 ring mail
Jewellery
 k - an uncursed ring of protection from cold {unknown}
 x - an amulet of clarity (around neck)
 E - an uncursed ring of positive energy {unknown}
Magical devices
 v - a wand of disintegration (8)
Scrolls
 g - 3 scrolls of teleportation
 h - 3 scrolls of recharging
 s - 2 scrolls of remove curse
 B - 3 scrolls of magic mapping
 D - a scroll of noise
Potions
 e - a potion of might
 o - 2 potions of haste
 A - 2 potions of curing
Miscellaneous
 z - a plain deck of escape {drawn: 3}
 C - a legendary deck of escape {drawn: 2}
 I - an ornate deck of escape {drawn: 1}
Comestibles
 d - 2 bread rations
 p - 2 meat rations
 u - 5 fruits


   Skills:
 + Level 7.2 Fighting
 + Level 7.7 Long Blades
 + Level 8.7 Armour
 + Level 5.5 Dodging
 + Level 1.0 Stealth
 + Level 8.6 Shields
 + Level 1.0 Evocations


You had 8 spell levels left.
You didn't know any spells.

Dungeon Overview and Level Annotations

Branches:
Dungeon (8/15)             Temple (1/1) D:4
   Lair: D:8-11

Altars:
Ashenzari
Dithmenos
Elyvilon
Fedhas
Gozag
Kikubaaqudgha
Nemelex Xobeh
Okawaru
Qazlal
Ru
Sif Muna
Trog
Vehumet
Yredelemnul
The Shining One

Shops:
D:4 %   D:5 (


Innate Abilities, Weirdness & Mutations

You reflexively headbutt those who attack you in melee.
You have a pair of horns on your head.


Message History

You are too injured to fight recklessly!
You are too injured to fight recklessly!
You are too injured to fight recklessly!
You are too injured to fight recklessly!
You are too injured to fight recklessly!
You are too injured to fight recklessly!
You are too injured to fight recklessly!
You are too injured to fight recklessly!
You are too injured to fight recklessly!
You are too injured to fight recklessly!
As you read the scroll of teleportation, it crumbles to dust.
You feel strangely unstable.
* * * LOW HITPOINT WARNING * * *
You feel sick. You block the orc's attack.
You hit the orc. You burn the orc. You headbutt the orc.
You kill the orc!
* * * LOW HITPOINT WARNING * * *
You feel sick. The orc hits you but does no damage.
You die...
Your body disappears without a glow.

# #.# ##..# ##...########
........#..# ###
#..........## #≈≈ .
#..#......@.###≈####### ...##
#..#...##..)##o#§.§(.#
.....###..#....###o.#§o..§$%#
.........†......##.ooo'..§?.#
#####................o'..§.%#
###..............≈#...!.#
####.....####.....#≈#######
###........## ##<...#≈≈≈
............####....#####


You could see an orc priest, 2 orc wizards and 2 orcs.

Vanquished Creatures
  The ghost of Britaniac the Destroyer, an experienced HECj of Vehumet (D:6)
  Eustachio (D:4)
  A water moccasin (D:5)
  3 ice beasts
  2 sky beasts
  4 phantoms
  A boggart (D:4)
  A black bear (D:6)
  A centaur (D:7)
  5 ogres
  A crocodile (D:7)
  The ghost of dvd the Vandal, an average HaHu (D:3)
  A giant frog (D:7)
  4 scorpions
  A crimson imp (D:5)
  2 goliath beetles
  An orc priest (D:4)
  2 giant frog skeletons
  A giant frog zombie (D:8)
  2 jellies (D:5)
  An orc wizard (D:5)
  2 hounds
  2 iguanas
  4 worker ants
  A mummy (D:6)
  2 hound skeletons
  6 gnolls
  3 adders
  A shadow imp (D:5)
  A worm (D:4)
  An adder skeleton (D:4)
  5 giant geckos
  3 oozes
  17 orcs
  12 bats
  A bat skeleton (D:4)
  3 giant cockroaches
  12 goblins
  9 hobgoblins
  8 jackals
  6 quokkas
  6 giant newts
  A jackal skeleton (D:7)
  13 kobolds
  2 quokka skeletons
  17 rats
175 creatures vanquished.

Notes
Turn   | Place    | Note
--------------------------------------------------------------
     0 | D:1      | gorblad, the Minotaur Fighter, began the quest for the Orb.
     0 | D:1      | Reached XP level 1. HP: 19/19 MP: 1/1
   117 | D:1      | Reached skill level 4 in Shields
   142 | D:1      | Reached XP level 2. HP: 18/27 MP: 1/1
   723 | D:2      | Reached XP level 3. HP: 29/33 MP: 2/2
  1483 | D:3      | Reached skill level 1 in Dodging
  1641 | D:3      | Reached XP level 4. HP: 36/40 MP: 2/2
  1686 | D:3      | Noticed dvd's ghost (average HaHu)
  1705 | D:3      | Killed dvd's ghost
  1705 | D:3      | Reached XP level 5. HP: 29/47 MP: 2/2
  1991 | D:3      | Found a shadowy altar of Dithmenos.
  2106 | D:3      | Reached skill level 5 in Shields
  2282 | D:3      | Found a blossoming altar of Fedhas.
  2480 | D:4      | Noticed an ogre
  2487 | D:4      | Killed an ogre
  2487 | D:4      | Reached skill level 5 in Armour
  2494 | D:4      | Reached XP level 6. HP: 48/53 MP: 3/3
  2687 | D:4      | Found a sparkling altar of Nemelex Xobeh.
  2691 | D:4      | Became a worshipper of Nemelex Xobeh the Trickster
  2700 | D:4      | Noticed a phantom
  2733 | D:4      | Killed a phantom
  2733 | D:4      | Reached skill level 6 in Shields
  2751 | D:4      | Found a staircase to the Ecumenical Temple.
  2766 | D:4      | Found Shramni's Food Boutique.
  2851 | D:4      | Found a glowing golden altar of the Shining One.
  2858 | D:4      | Received a gift from Nemelex Xobeh
  2935 | D:4      | Noticed Eustachio
  2959 | D:4      | Killed Eustachio
  2959 | D:4      | Reached skill level 5 in Fighting
  2959 | D:4      | Reached XP level 7. HP: 57/61 MP: 3/3
  3075 | Temple   | Entered the Ecumenical Temple
  4385 | D:5      | Entered Level 5 of the Dungeon
  4427 | D:5      | Found Ofucau's Weapon Boutique.
  4998 | D:5      | Reached skill level 7 in Armour
  5040 | D:5      | Reached XP level 8. HP: 38/69 MP: 3/3
  5357 | D:5      | Reached skill level 5 in Long Blades
  5673 | D:5      | Received a gift from Nemelex Xobeh
  6279 | D:6      | Found a radiant altar of Vehumet.
  6352 | D:6      | Reached XP level 9. HP: 47/78 MP: 4/4
  6467 | D:6      | Reached skill level 5 in Dodging
  6665 | D:6      | Received a gift from Nemelex Xobeh
  7164 | D:6      | Noticed Britaniac's ghost (experienced HECj)
  7184 | D:6      | Killed Britaniac's ghost
  7184 | D:6      | Reached skill level 8 in Armour
  7731 | D:7      | Found a bloodstained altar of Trog.
  7786 | D:7      | Reached skill level 1 in Stealth
  7812 | D:7      | Found an opulent altar of Gozag.
  8202 | D:7      | Found a shattered altar of Ashenzari.
  8373 | D:7      | Received a gift from Nemelex Xobeh
  8873 | D:8      | Acquired Nemelex Xobeh's first power
  8894 | D:8      | Reached skill level 1 in Evocations
  8941 | D:8      | HP: 2/79 [poisoned by you (dark miasma)]
  8943 | D:8      | Succumbed to their own dark miasma

Action                   |  1- 3 |  4- 6 |  7- 9 || total
-------------------------+-------+-------+-------++-------
Melee: Long sword        |   112 |    90 |   418 ||   620
Evoke: Deck              |       |     2 |    11 ||    13
  Use: Scroll            |     1 |     4 |     6 ||    11
       Potion            |       |     1 |       ||     1
  Eat: Bread ration      |     1 |     1 |     2 ||     4
       Fruit             |       |       |     3 ||     3
       Meat ration       |       |       |     1 ||     1
